 Dungeon Crawl Stone Soup version 0.14-a0-1613-gd720e3e (webtiles) character file.

1284 PolkaDot the Jinx (level 8, 0/52 HPs)
             Began as a Vampire Enchanter on Dec 24, 2013.
             Was an Initiate of Ashenzari.
             Slain by a centaur (5 damage)
             ... on Level 5 of the Dungeon.
             The game lasted 00:31:53 (6807 turns).

PolkaDot the Jinx (Vampire Enchanter)               Turns: 6807, Time: 00:31:54

HP   0/52        AC  4     Str  7      XL: 8   Next:  6%
MP  14/16        EV 12     Int 17      God: Ashenzari [......]
Gold 219         SH  9     Dex 16      Spells:  4 memorised,  3 levels left

rFire  . . .     SeeInvis +     a - +0,+2 dwarf dagger (venom)
rCold  + + .     Clarity  .     l - +2 robe (curse)
rNeg   + + +     Conserve +     f - +1 dwarf buckler
rPois  +         rCorr    .     (no helmet)
rElec  .         rRot     +     (no cloak)
SustAb . .       Spirit   .     (no gloves)
rMut   .         Warding  .     (no boots)
Saprov . . .     Stasis   .     k - amulet of conservation
                                (no ring)
                                (no ring)

@: non-regenerating, somewhat resistant to hostile enchantments, very stealthy
A: bottle blood, fangs 3, see invisible, unbreathing
a: Bat Form, Bottle Blood, Renounce Religion


You were on level 5 of the Dungeon.
You worshipped Ashenzari.
Ashenzari was noncommittal.
You were bloodless.

You visited 2 branches of the dungeon, and saw 7 of its levels.

You collected 219 gold pieces.

Inventory:

Hand weapons
 a - a +0,+2 dwarven dagger of venom (weapon)
 b - a +0,+0 cutlass
Missiles
 d - 8 darts (quivered)
Armour
 f - a +1 dwarven buckler (worn)
 l - a cursed +2 robe (worn)
Magical devices
 j - a wand of draining (5) {unknown}
 q - a wand of enslavement (18)
 r - a wand of disintegration (14)
Scrolls
 g - 3 scrolls of curse jewellery
 m - 2 scrolls of enchant armour
 n - 2 scrolls of teleportation
 o - a scroll of identify
 s - a scroll of fog
 t - a scroll of fear {unknown}
Jewellery
 i - an uncursed amulet of resist corrosion
 k - an amulet of conservation (around neck)
Potions
 e - a potion of restore abilities
Books
 c - a book of Maledictions

   Spells                             Type                      Level
   *Corona                            Hexes                        1
   Sure Blade                         Hexes/Charms                 2
   *Ensorcelled Hibernation           Hexes/Ice                    2
   *Confuse                           Hexes                        3
   *Enslavement                       Hexes                        4
   Invisibility                       Hexes                        6
 h - a book of Power

   Spells                             Type                      Level
   Iskenderun's Mystic Blast          Conjuration                  4
   Venom Bolt                         Conjuration/Poison           5
   Bolt of Magma                      Conjuration/Fire/Earth       5
   Fulminant Prism                    Conjuration/Hexes            5
   Iron Shot                          Conjuration/Earth            6
   Orb of Destruction                 Conjuration                  7
 p - a book of Debilitation

   Spells                             Type                      Level
   *Corona                            Hexes                        1
   Slow                               Hexes                        2
   Inner Flame                        Hexes/Fire                   3
   *Enslavement                       Hexes                        4
   Cause Fear                         Hexes                        4
   Leda's Liquefaction                Hexes/Earth                  4


   Skills:
 - Level 2.0 Short Blades
 - Level 0.7 Throwing
 - Level 2.1 Dodging
 + Level 6.9 Stealth
 - Level 3.1 Spellcasting
 * Level 11.5 Hexes
 - Level 1.6 Ice Magic


You had 3 spell levels left.
You knew the following spells:

 Your Spells              Type           Power        Failure   Level  Hunger
a - Corona                Hex            #####..      1%          1    None
c - Confuse               Hex            #####...     1%          3    ###....
d - Ensorcelled Hibernat  Hex/Ice        ###...       2%          2    ##.....
e - Enslavement           Hex            #####...     1%          4    ####...


Dungeon Overview and Level Annotations

Branches:
Dungeon (6/16)             Temple (1/1) D:6

Altars:
Ashenzari
Cheibriados
Elyvilon
Fedhas
Kikubaaqudgha
Makhleb
Nemelex Xobeh
Okawaru
Trog
Vehumet
Yredelemnul
Zin
the Shining One

Shops:
D:4 }   D:5 =   D:6 ?

Annotations:
D:5 Prince Ribbit


Innate Abilities, Weirdness & Mutations

You do not heal naturally.
You can bottle blood from corpses.
You have razor-sharp teeth.*
You have supernaturally acute eyesight.
You can survive without breathing.*


Message History

The centaur shoots an arrow.
You block the arrow.
You see here an arrow.
The centaur shoots an arrow.
The arrow hits you!
* * * LOW HITPOINT WARNING * * *
The centaur shoots an arrow.
The arrow hits you!
* * * LOW HITPOINT WARNING * * *
You see here 2 arrows.
You start waiting.
Unknown command.
The centaur unwields an uncursed bow.
The centaur hits you.
* * * LOW HITPOINT WARNING * * *
The centaur closely misses you.
Casting: Ensorcelled Hibernation
Confirm with . or Enter, or press ? or * to list all spells.
Aiming: Ensorcelled Hibernation
Press: ? - help, Shift-Dir - straight line, f - centaur
Aim: a centaur The centaur resists with significant effort.
The centaur hits you.
You die...

.(...............................
#######..............#######.....
* #..............#######...##
*#####............[...........##
F....................c...........
..............(((.###########....
#####..##########.# #..##
****#..##########c# #..##
,,,.............@.###########..).
, ,.......................)).....
***####...#####...############...
* #...* #...# #... * #...* #...#
#... * #...* #...# #... * #...*
#...############...
**#####...#####................<.
, .........o.....................


You could see a centaur.

Vanquished Creatures
  2 ogres (D:6)
  A centaur (D:6)
  A phantom (D:6)
  4 goliath beetles (D:5)
  2 orc wizards
  3 hounds
  4 orc priests
  A centaur skeleton (D:5)
  2 worker ants
  Terence (D:2)
  A giant centipede (D:5)
  4 adders (D:2)
  5 giant mites
  2 worms (D:2)
  3 giant geckos
  An ooze (D:4)
  18 orcs
  A ball python (D:1)
  8 bats
  A bat skeleton (D:4)
  9 giant cockroaches
  13 goblins
  8 hobgoblins
  11 jackals
  3 quokkas
  4 giant newts
  A hobgoblin skeleton (D:4)
  13 kobolds
  2 orc skeletons
  14 rats
143 creatures vanquished.

Notes
Turn   | Place    | Note
--------------------------------------------------------------
     0 | D:1      | PolkaDot, the Vampire Enchanter, began the quest for the Orb.
     0 | D:1      | Reached XP level 1. HP: 13/13 MP: 3/3
   310 | D:1      | Reached skill level 5 in Hexes
   343 | D:1      | Reached XP level 2. HP: 4/19 MP: 4/4
   853 | D:1      | Learned a level 2 spell: Ensorcelled Hibernation
  1477 | D:1      | Reached XP level 3. HP: 3/24 MP: 1/6
  1513 | D:1      | HP: 1/24 [jackal (2)]
  2129 | D:1      | Learned a level 3 spell: Confuse
  2168 | D:2      | Reached skill level 6 in Hexes
  2251 | D:2      | Reached skill level 1 in Ice Magic
  2474 | D:2      | Noticed Terence
  2475 | D:2      | Reached XP level 4. HP: 30/30 MP: 4/7
  2505 | D:2      | Killed Terence
  3432 | D:4      | Found a blossoming altar of Fedhas.
  3478 | D:4      | Found Heaff's Gadget Boutique.
  3706 | D:4      | Reached XP level 5. HP: 33/35 MP: 2/9
  3808 | D:4      | Reached skill level 7 in Hexes
  4387 | D:5      | Entered Level 5 of the Dungeon
  4407 | D:5      | Found Mnaciporo's Jewellery Shop.
  4412 | D:5      | Found a white marble altar of Elyvilon.
  4472 | D:6      | Noticed an ogre
  4532 | D:6      | Reached skill level 8 in Hexes
  4622 | D:6      | Found a staircase to the Ecumenical Temple.
  4912 | D:6      | Noticed a centaur
  4919 | D:6      | Killed a centaur
  4919 | D:6      | Reached XP level 6. HP: 25/41 MP: 8/12
  4961 | Temple   | Entered the Ecumenical Temple
  5188 | Temple   | Became a worshipper of Ashenzari the Shackled
  5230 | D:6      | Noticed a phantom
  5236 | D:6      | Learned a level 4 spell: Enslavement
  5252 | D:6      | Killed a phantom
  5348 | D:6      | Found Crihof's Magic Scroll Shop.
  5390 | D:6      | Noticed an ogre
  5395 | D:6      | Killed an ogre
  5395 | D:6      | Reached skill level 9 in Hexes
  5469 | D:6      | Found a burning altar of Makhleb.
  5469 | D:6      | Noticed a blizzard demon
  5489 | D:6      | Reached XP level 7. HP: 42/46 MP: 7/14
  5614 | D:6      | Killed an ogre
  5614 | D:6      | Reached skill level 5 in Stealth
  5631 | D:6      | Reached skill level 10 in Hexes
  6579 | D:5      | Reached skill level 11 in Hexes
  6625 | D:5      | Reached XP level 8. HP: 30/52 MP: 13/16
  6779 | D:5      | Noticed Prince Ribbit
  6807 | D:5      | Slain by a centaur

Action                   |  1- 3 |  4- 6 |  7- 9 || total
-------------------------+-------+-------+-------++-------
Melee: Dagger            |   135 |   134 |   138 ||   407
       Cutlass           |       |     5 |       ||     5
Throw: Dart              |     8 |       |       ||     8
 Cast: Corona            |     5 |       |       ||     5
       Ensorcelled Hiber |    23 |    37 |    34 ||    94
       Confuse           |       |     5 |     1 ||     6
 Abil: End Transformatio |     1 |       |       ||     1
       Bat Form          |     1 |       |       ||     1
  Use: Potion            |     2 |     4 |     2 ||     8
       Scroll            |       |    10 |     1 ||    11
 Stab: Sleeping          |    21 |    29 |    25 ||    75
       Confused          |       |     3 |       ||     3
